Map: Tokamak LE

Players

Daryl - Winner!

  • Race: Protoss Protoss
  • League: Master
  • Spawn Location: 7:00

FatTeto

  • Race: Zerg Zerg
  • League: Grandmaster
  • Spawn Location: 1:00

VOD

Have the link to the VOD?

Description

Time

  • Played on: Aug. 8, 2025, 11:27 p.m.
  • Length: 13:06
Show
View Real Time Build Order
Export as new Build Order

Daryl Protoss - Winner!

Build Orders: 1 Gate Expand, Oracle Opening, Chargelot Immortal 

Get SALT Encoding   

  12  0:00  Probe  
  13  0:12  Probe  
  14  0:18  Pylon  
  14  0:24  Probe  
  15  0:33  Probe  
  15  0:40  Gateway  
  15  0:41  Probe  
  16  0:47  Assimilator  
  17  0:51  Probe  
  18  1:03  Probe  
  19  1:20  Probe  
  19  1:22  Nexus  
  20  1:33  Cybernetics Core  
  20  1:36  Probe  
  21  1:43  Assimilator  
  21  1:49  Pylon  
  21  1:50  Probe  
  22  2:02  Probe  
  23  2:11  Adept  
  23  2:14  Probe  
  26  2:19  Stargate  
  26  2:22  Probe  
  26  2:29  Stalker  
  27  2:30  Probe  
  27  2:34  Probe  
  29  2:39  Warp Gate  
  29  2:42  Probe  
  32  2:44  Probe  
  33  2:52  Probe  
  33  2:55  Probe  
  33  2:56  Pylon  
  35  3:07  Probe  
  35  3:11  Probe  
  37  3:17  Oracle  
  37  3:19  Probe  
  41  3:23  Probe  
  42  3:29  Pylon  
  42  3:31  Probe  
  41  3:34  Nexus  
  41  3:40  Probe  
  42  3:44  Gateway  
  42  3:47  Adept  
  44  3:51  Twilight Council, Probe  
  44  3:54  Probe  
  46  4:01  Charge  
  46  4:03  Probe  
  46  4:07  Robotics Facility, Probe  
  48  4:15  Probe  
  49  4:19  Probe  
  50  4:24  Gateway  
  50  4:25  Pylon  
  50  4:26  Gateway  
  50  4:27  Pylon, Probe  
  50  4:28  Gateway  
  50  4:31  Probe  
  52  4:40  Probe  
  53  4:47  Gateway  
  53  4:49  Probe x2  
  53  4:50  Gateway  
  55  4:52  Pylon  
  55  4:53  Warp Prism  
  55  4:54  Stalker  
  55  4:56  Zealot  
  61  5:10  Probe  
  62  5:19  Zealot x2  
  62  5:20  Zealot  
  68  5:25  Gateway, Pylon  
  68  5:26  Zealot  
  68  5:27  Zealot, Pylon  
  72  5:29  Pylon  
  72  5:36  Phoenix  
  74  5:50  Zealot x2  
  74  5:51  Zealot x5  
  64  6:26  Zealot x4  
  64  6:27  Zealot x4  
  66  6:46  Probe  
  61  6:47  Immortal  
  61  6:48  Zealot x8  
  61  6:52  Gateway  
  81  6:56  Gateway  
  81  6:59  Probe  
  81  7:00  Probe x2  
  84  7:05  Assimilator  
  84  7:08  Assimilator  
  84  7:10  Zealot x7  
  84  7:11  Zealot, Probe  
  84  7:12  Probe  
  102  7:31  Immortal  
  100  7:42  Probe  
  100  7:43  Probe  
  106  7:45  Templar Archives  
  106  7:46  Probe  
  107  7:59  Zealot x9  
  125  8:10  Pylon  
  125  8:11  Pylon x2  
  125  8:13  Pylon, Gateway  
  125  8:14  Assimilator  
  125  8:18  Pylon  
  125  8:19  Assimilator  
  125  8:28  Zealot x2, Probe x3  
  125  8:29  Zealot x3  
  125  8:30  Zealot x5  
  148  8:40  Probe x3  
  151  8:44  Immortal  
  151  8:52  Probe x3  
  154  8:59  Psionic Storm  
  154  9:00  Robotics Facility  
  154  9:04  Probe x3  
  157  9:16  Nexus  
  157  9:18  Pylon  
  157  9:19  High Templar x4  
  165  9:25  Pylon  
  165  9:26  Forge  
  165  9:27  Pylon  
  165  9:28  Forge  
  165  9:36  Immortal, Probe  
  170  9:50  Protoss Ground Weapons Level 1  
  170  9:51  Protoss Ground Armor Level 1  
  170  9:55  Immortal  
  150  10:11  Stalker x3  
  156  10:15  Immortal  
  156  10:19  Zealot x2  
  156  10:21  Zealot x5  
  166  10:22  Zealot  
  172  10:42  Immortal  
  172  10:43  Oracle  
  175  10:54  Immortal  
  175  10:55  Photon Cannon  
  179  11:02  Nexus  
  179  11:05  Zealot x5  
  179  11:06  Pylon  
  184  11:24  Pylon  
  176  11:26  Shield Battery  
  176  11:29  Immortal  
  180  11:33  High Templar x5, Immortal  
  180  11:35  High Templar x2  
  180  11:36  Zealot  
  180  11:37  Archon x2  
  180  11:39  Archon  
  200  12:03  Nexus  
  200  12:05  Pylon  
  180  12:36  Zealot x3  
  180  12:37  Zealot x7  
  171  12:50  Zealot  
Show
View Real Time Build Order
Export as new Build Order

FatTeto Zerg 

Build Orders: Hatch First, Lurkers 

Get SALT Encoding   

  12  0:00  Drone  
  13  0:08  Drone  
  14  0:15  Drone, Extractor  
  15  0:25  Overlord  
  15  0:43  Drone x2  
  17  0:52  Hatchery  
  17  0:53  Drone  
  17  1:07  Spawning Pool  
  17  1:09  Drone  
  17  1:12  Drone  
  17  1:14  Extractor  
  17  1:19  Drone  
  18  1:29  Drone  
  19  1:41  Drone  
  20  1:48  Overlord  
  20  2:00  Queen  
  22  2:04  Queen  
  22  2:07  Drone x2  
  26  2:11  Drone  
  27  2:18  Drone  
  27  2:21  Metabolic Boost  
  28  2:25  Zergling x2  
  28  2:26  Zergling x2  
  30  2:33  Drone  
  30  2:36  Drone  
  32  2:49  Drone x2  
  34  2:51  Overlord  
  34  2:53  Hatchery  
  33  3:01  Drone  
  33  3:13  Drone x3  
  33  3:14  Drone x2  
  33  3:19  Overlord  
  37  3:33  Extractor  
  35  3:35  Spore Crawler  
  35  3:37  Spore Crawler  
  35  3:38  Drone, Extractor  
  35  3:39  Drone  
  35  3:40  Drone  
  35  3:41  Queen x2  
  35  3:42  Drone  
  35  3:43  Drone  
  35  3:47  Overlord  
  41  3:54  Zergling x2  
  41  3:55  Zergling x2  
  43  4:06  Drone x7  
  43  4:08  Evolution Chamber, Roach Warren  
  48  4:14  Lair  
  48  4:25  Drone x3  
  48  4:28  Drone x2  
  48  4:29  Drone  
  54  4:34  Zerg Melee Weapons Level 1  
  54  4:37  Overlord  
  54  4:40  Overlord  
  54  4:44  Spore Crawler  
  54  4:45  Drone  
  54  4:51  Drone x3  
  57  5:02  Drone  
  57  5:03  Drone x5  
  63  5:13  Roach x3  
  69  5:16  Roach x2  
  69  5:17  Overlord x3  
  69  5:19  Overlord  
  73  5:21  Glial Reconstitution  
  73  5:23  Overseer  
  73  5:29  Extractor  
  72  5:37  Hydralisk Den  
  72  5:38  Drone x2  
  72  5:39  Infestation Pit  
  72  5:40  Drone x3  
  72  5:41  Drone x4  
  79  5:44  Roach x2  
  79  5:49  Roach  
  87  5:50  Roach x2  
  87  5:51  Roach  
  91  5:58  Evolution Chamber x2  
  91  6:00  Zergling x8  
  93  6:08  Roach x2  
  93  6:13  Zergling x8  
  79  6:32  Zergling x6  
  80  6:33  Zergling x4  
  80  6:34  Zergling x6  
  80  6:39  Zergling x2  
  78  6:48  Drone x2, Zerg Missile Weapons Level 1  
  80  6:59  Lurker Den  
  79  7:06  Hatchery, Roach x6  
  90  7:13  Muscular Augments  
  90  7:14  Hive  
  90  7:22  Overlord x4  
  90  7:36  Zergling x2  
  89  7:37  Zergling x2  
  90  7:47  Roach  
  90  7:48  Roach x5, Zergling x6  
  105  7:52  Zerg Ground Armor Level 1  
  105  8:00  Drone x4  
  105  8:01  Drone x4  
  105  8:02  Extractor  
  112  8:06  Hatchery  
  112  8:10  Drone x3  
  112  8:11  Extractor  
  112  8:12  Overlord x2  
  113  8:21  Drone x2  
  113  8:22  Drone  
  113  8:27  Hydralisk x3  
  115  8:29  Overlord  
  122  8:46  Evolution Chamber  
  122  8:47  Evolution Chamber  
  120  8:49  Evolution Chamber  
  120  8:54  Lurker x2  
  120  8:55  Lurker  
  122  8:56  Zergling x22  
  133  9:10  Evolution Chamber  
  133  9:11  Zerg Missile Weapons Level 2  
  132  9:18  Drone x2  
  132  9:19  Drone x3  
  137  9:25  Pneumatized Carapace  
  137  9:28  Drone x2  
  139  9:32  Hatchery  
  139  9:37  Seismic Spines  
  138  9:41  Drone  
  138  9:42  Drone x5  
  136  10:02  Adrenal Glands  
  134  10:07  Drone x3  
  137  10:14  Queen x2  
  141  10:21  Hatchery  
  140  10:35  Adaptive Talons  
  135  10:45  Hydralisk x8  
  135  10:46  Overlord x2  
  135  10:47  Overlord x2  
  151  10:56  Overlord x3  
  144  11:13  Overlord  
  144  11:14  Overlord  
  137  11:27  Lurker  
  137  11:28  Lurker x7  
  137  11:29  Drone  
  137  11:30  Drone x12  
  158  11:33  Extractor  
  158  11:34  Extractor  
  156  12:01  Spore Crawler  
  151  12:09  Zergling x2  
  151  12:10  Zergling x40  
  166  12:19  Roach  
  166  12:20  Roach x9  
  134  12:38  Hydralisk x7  
  134  12:40  Ravager  
  134  12:41  Ravager x2  
  134  12:43  Zergling x2  
  138  12:44  Zergling x4  
Tags
 
Add a new tag
Caveats
  • Supply blocks, unpowered buildings, or Contaminate may cause inaccurate times.
  • Supply counts are checked every 10 seconds.